 Dungeon Crawl Stone Soup version 0.24.0-1-gfbc8707122 (webtiles) character file.

Game seed: 15051614191782855262, levelgen mode: deterministic

444 Arixos the Gusty (level 7, -5/45 HPs)
             Began as an Octopode Air Elementalist on Oct 28, 2019.
             Slain by an ogre
             ... wielding a +0 giant spiked club
              (24 damage)
             ... on level 4 of the Dungeon.
             The game lasted 00:16:43 (6606 turns).

Arixos the Gusty (Octopode Air Elementalist)        Turns: 6606, Time: 00:16:43

Health: -5/45      AC:  1    Str:  7    XL:     7   Next: 3%
Magic:  12/12      EV: 14    Int: 20    God:
Gold:   182        SH:  0    Dex: 12    Spells: 3/13 levels left

rFire    . . .     SeeInvis .   h - +2 dagger (speed)
rCold    . . .     Gourm    .   (no shield)
rNeg     . . .     Faith    .   (helmet restricted)
rPois    .         Spirit   .   (no amulet)
rElec    .         Reflect  .   k - ring of protection from magic
rCorr    .         Harm     .   (no ring)
MR       +....                  (no ring)
Stlth    +++.......             (no ring)
HPRegen  0.15/turn              (no ring)
MPRegen  0.13/turn              (no ring)
                                (no ring)
                                (no ring)

@: no status effects
A: almost no armour, stealthy swim, amphibious, 8 rings, constrict 8, camouflage
1, gelatinous body 1
a: no special abilities


You were on level 4 of the Dungeon.
You were not hungry.

You visited 2 branches of the dungeon, and saw 5 of its levels.

You collected 182 gold pieces.

Inventory:

Hand Weapons
 h - a +2 dagger of speed (weapon)
Missiles
 i - 7 poisoned darts (quivered)
Jewellery
 k - a ring of protection from magic (left tentacle)
Wands
 g - a wand of polymorph (2)
 q - a wand of random effects (16)
Scrolls
 a - 3 scrolls of teleportation {unknown}
 c - 3 scrolls of remove curse {unknown}
 e - 4 scrolls of identify {unknown}
 j - a scroll of magic mapping {unknown}
 m - 2 scrolls of blinking {unknown}
 p - a scroll of enchant armour {unknown}
 s - 2 scrolls of immolation {unknown}
 t - 2 scrolls of amnesia {unknown}
Potions
 d - 3 potions of lignification {unknown}
 f - a potion of flight {unknown}
 l - 2 potions of curing
 n - a potion of mutation {unknown}
 o - a potion of brilliance {unknown}
 r - 2 potions of agility {unknown}
Comestibles
 b - 5 rations


   Skills:
 + Level 2.1 Fighting
 + Level 3.1 Dodging
 - Level 2.6 Stealth
 * Level 3.7 Spellcasting
 * Level 3.5 Conjurations
 * Level 4.4 Air Magic


You had 3 spell levels left.
You knew the following spells:

 Your Spells              Type           Power        Failure   Level  Hunger
a - Shock                 Conj/Air       ###.         2%          1    None
s - Airstrike             Air            ###.......   21%         4    ####...
A - Lightning Bolt        Conj/Air       ###.......   56%         5    ######.

Your spell library contained the following spells:

 Spells                   Type           Power        Failure   Level  Hunger
 Swiftness                Chrm/Air       ##......     8%          2    ##.....
 Static Discharge         Conj/Air       ###.....     8%          3    ###....


Dungeon Overview and Level Annotations

Branches:
Dungeon (4/15)             Temple (1/1) D:4

Altars:
Ashenzari
Cheibriados
Fedhas
Hepliaklqana
Kikubaaqudgha
Makhleb
Nemelex Xobeh
Okawaru
Ru
Sif Muna
Uskayaw
Vehumet
Yredelemnul
Zin
The Shining One

Shops:
D:4 %


Innate Abilities, Weirdness & Mutations

You cannot wear most types of armour.
You are very stealthy in the water. (Stealth+)
You are amphibious.
You can wear up to eight rings at the same time.
You can use your tentacles to constrict eight enemies at once.
Your skin changes colour to match your surroundings (Stealth+).
Your rubbery body absorbs attacks. (AC +1, EV +1)


Message History

Aim: an ogre, wielding a +0 giant spiked club (moderately wounded)
You throw a poisoned dart. The poisoned dart hits the ogre.
The ogre is poisoned.
The ogre is moderately wounded.
Throwing (i - inventory)
i - 8 poisoned darts (quivered)
Press: ? - help, Shift-Dir - straight line, f/p - ogre
Aim: an ogre, wielding a +0 giant spiked club (moderately wounded, poisoned)
You throw a poisoned dart.
The poisoned dart closely misses the ogre.
The ogre hits you with a +0 giant spiked club!!
Ouch! That really hurt!
The ogre looks more healthy.
You see here 2 poisoned darts.
You see here a poisoned dart.
You see here a poisoned dart.
You hit the ogre. Your squeeze misses the ogre.
The ogre is severely wounded.
The ogre hits you with a +0 giant spiked club!!
Ouch! That really hurt!
You die...

#.# #..# ######.###..############
......>................. ..
#####..##...##.#.######. .#
#..........#.## #. .#
#####....#..##.#..#####.#### #.#
#.......................... ..#
#.###)......##......####.####..##
#...............@O.........(...(.
#####.......##.#..#.####.###..###
#....................((......
#.............#.####.###.###.
#.#.#...##.#..#.# #.# #.# #.
#.#.#...##.#..#.####.# #.# #.
####.#.#.............##.###(# ..
#[............#..#.#........# ..
#.##....................######..


You could see an ogre.

Vanquished Creatures
  An ogre (D:4)
  An orc priest (D:3)
  A centaur skeleton (D:2)
  Ijyb (D:2)
  Natasha (thrice) (D:3)
  Robin (D:3)
  7 adders
  An ooze (D:1)
  An adder zombie (D:4)
  An adder skeleton (D:4)
  4 dart slugs
  3 leopard geckos
  7 orcs (D:3)
  13 bats
  4 giant cockroaches (D:2)
  13 goblins
  13 hobgoblins
  3 jackals (D:2)
  2 ball pythons (D:3)
  9 frilled lizards
  12 kobolds
  9 rats
110 creatures vanquished.

Notes
Turn   | Place    | Note
-------+----------+-------------------------------------------
     0 | D:1      | Arixos the Octopode Air Elementalist began the quest for
                  | the Orb.
     0 | D:1      | Reached XP level 1. HP: 11/11 MP: 3/3
   213 | D:1      | You fall into a shaft and drop 1 floor!
   215 | D:2      | Reached XP level 2. HP: 17/17 MP: 1/5
   276 | D:2      | Found a shattered altar of Ashenzari.
   310 | D:2      | You fall into a shaft and drop 1 floor!
   596 | D:3      | Reached XP level 3. HP: 17/22 MP: 0/6
  1216 | D:2      | Reached XP level 4. HP: 11/27 MP: 0/7
  1439 | D:2      | Found a glowing silver altar of Zin.
  1440 | D:2      | Noticed an angel
  1674 | D:2      | Reached skill level 1 in Fighting
  2294 | D:1      | Reached XP level 5. HP: 33/33 MP: 7/9
  2301 | D:1      | Learned a level 5 spell: Lightning Bolt
  3332 | D:3      | Noticed Ijyb
  3357 | D:2      | Killed Ijyb
  3556 | D:3      | Found a shimmering blue altar of Sif Muna.
  3999 | D:3      | Noticed Natasha
  4004 | D:3      | Killed Natasha
  4004 | D:3      | Noticed Robin
  4009 | D:3      | Reached skill level 4 in Air Magic
  4011 | D:3      | Killed Robin
  4301 | D:3      | Reached XP level 6. HP: 39/39 MP: 0/11
  4459 | D:3      | Learned a level 4 spell: Airstrike
  4939 | D:3      | Noticed Natasha
  4947 | D:3      | Killed Natasha
  5082 | D:3      | Found a glowing golden altar of the Shining One.
  5285 | D:3      | Noticed Natasha
  5291 | D:3      | Killed Natasha
  5490 | D:3      | Found a shimmering blue altar of Sif Muna.
  5769 | D:4      | Found a staircase to the Ecumenical Temple.
  5781 | Temple   | Entered the Ecumenical Temple
  6392 | D:4      | Found Icemecworghe's Food Shop.
  6424 | D:4      | Reached XP level 7. HP: 30/45 MP: 10/12
  6606 | D:4      | Slain by an ogre

Levels and vault maps discovered:
D:1:      psy_arrival_radial02, layout_loops_corners, serial_forest,
          infiniplex_forest_lined_4_way, infiniplex_forest_zigzag_1,
          infiniplex_forest_side_room, infiniplex_forest_clump_diagonal,
          infiniplex_forest_end_double, infiniplex_forest_straight_2,
          infiniplex_forest_end_2, infiniplex_forest_clump_medium,
          minmay_box_of_dots
D:2:      layout_basic, lemuel_doored_altar, zin_angel, serial_rivers,
          chequers_serial_rivers_micro_d, chequers_serial_rivers_marsh,
          chequers_serial_rivers_large_a, chequers_serial_rivers_room_a,
          chequers_serial_rivers_room_a, chequers_serial_rivers_large_b,
          first_ration, minmay_worlds_worst_comb
D:3:      layout_basic, lemuel_round_altar, tso_altar, uniq_robin, uniq_ijyb,
          uniq_natasha
D:4:      layout_basic, temple_pool_b, serial_shops, shop
Temple:   minmay_temple_curvy_loop

Skill      XL: |  1  2  3  4  5  6 |
---------------+-------------------+-----
Conjurations   | 2 3 |  3.5
Fighting       | 1 2 |  2.1
Spellcasting   | 3 |  3.7
Air Magic      | 4 |  4.4
Dodging        | 3 |  3.1
Stealth        | |  2.6

Action                   |  1- 3 |  4- 6 |  7- 9 || total
-------------------------+-------+-------+-------++-------
Melee: Unarmed           |    15 |       |       ||    15
       Constrict         |     8 |     4 |       ||    12
       Tentacles         |     4 |       |       ||     4
       Dagger            |    16 |    24 |     1 ||    41
Throw: Dart              |       |     3 |     6 ||     9
 Cast: Shock             |    58 |   193 |     1 ||   252
  Eat: Chunk             |     1 |    13 |       ||    14
       Ration            |       |     1 |       ||     1
Armor: Skin              |    10 |     5 |       ||    15
Dodge: Dodged            |    60 |    33 |     1 ||    94
